 Dungeon Crawl Stone Soup version 0.23-a0-642-g3120c2f (webtiles) character file.

25207 Azzok the Destroyer (level 12, -5/74 HPs)
             Began as a Demonspawn Earth Elementalist on Dec 30, 2018.
             Was a High Priest of Vehumet.
             Slain by a red devil
             ... wielding a +0 trident of flaming
              (14 damage)
             ... in a volcano.
             The game lasted 00:29:58 (17555 turns).

Azzok the Destroyer (DsEE)                         Turns: 17555, Time: 00:29:59

Health: -5/74      AC: 11    Str:  6    XL:     12   Next: 87%
Magic:  0/27       EV: 15    Int: 20    God:    Vehumet [*****.]
Gold:   871        SH:  5    Dex: 15    Spells: 21/34 levels left

rFire    + + .     SeeInvis .   a - staff of conjuration
rCold    + . .     Gourm    .   z - +0 buckler (curse)
rNeg     . . .     Faith    .   o - +0 troll leather armour
rPois    .         Spirit   +   M - +0 hat of Lugonu's Castigation {rF+ MR+ Str-3}
rElec    .         Reflect  .   L - scarf {rC+ rF+}
rCorr    .         Harm     .   t - +1 pair of gloves
MR       +....                  (no boots)
Stlth    +.........             C - amulet of magic regeneration
HPRegen  0.62/turn              Q - +2 ring of protection
MPRegen  0.65/turn              H - +4 ring of evasion

@: about to teleport
A: hooves 2, horns 2, molten scales 2, magic shield, magic regeneration
a: Renounce Religion


You were in a volcano.
You worshipped Vehumet.
Vehumet was extremely pleased with you.
You were not hungry.

You visited 3 branches of the dungeon, and saw 16 of its levels.
You also visited: Volcano.

You collected 871 gold pieces.

Inventory:

Hand Weapons
 b - a +2 short sword of draining
 m - a +0 blowgun
Missiles
 k - 367 stones (quivered)
 n - 63 poisoned needles
Armour
 o - a +0 troll leather armour (worn)
 t - a +1 pair of gloves (worn)
 z - a cursed +0 buckler (worn)
 L - a scarf of resistance (worn)
 M - the +0 hat of Lugonu's Castigation (worn) {rF+ MR+ Str-3}
   (You found it on level 1 of the Lair of Beasts)

   It affects your strength (-3).
   It protects you from fire.
   It affects your resistance to hostile enchantments.
Magical Staves
 a - an uncursed staff of conjuration (weapon)
Jewellery
 g - an uncursed ring of wizardry
 y - an uncursed ring of see invisible
 C - an amulet of magic regeneration (around neck)
 H - a +4 ring of evasion (right hand)
 Q - a +2 ring of protection (left hand)
Wands
 h - a wand of paralysis (17)
 E - a wand of disintegration (43)
 G - a wand of clouds (10)
 S - a wand of iceblast (18)
Scrolls
 e - a scroll of magic mapping
 f - 3 scrolls of enchant armour
 i - 2 scrolls of amnesia
 p - 9 scrolls of remove curse
 q - 2 scrolls of fog
 x - 4 scrolls of teleportation
 N - a scroll of fear
Potions
 l - a potion of berserk rage
 s - 3 potions of agility
 u - 4 potions of brilliance
 v - 8 potions of flight
 A - 4 potions of lignification
 B - 2 potions of curing
 F - 3 potions of mutation {!q}
 J - 2 potions of cancellation
 K - 2 potions of might
Miscellaneous
 P - a box of beasts
 T - a phantom mirror
Comestibles
 c - 2 chunks of flesh
 d - 29 rations


   Skills:
 - Level 1.7 Dodging
 - Level 1.7 Stealth
 - Level 4.0 Shields
 + Level 11.5 Spellcasting
 + Level 11.9 Conjurations
 - Level 0.8 Transmutations
 + Level 11.6 Earth Magic
 + Level 2.2 Evocations


You had 21 spell levels left.
You knew the following spells:

 Your Spells              Type           Power        Failure   Level  Hunger
a - Sandblast             Erth           ######       1%          1    None
b - Stone Arrow           Conj/Erth      ######       1%          3    None
c - Petrify               Tmut/Erth      #####...     7%          4    #......
d - Lee's Rapid Deconstr  Erth           ######....   1%          5    ####...

Your spell library contained the following spells:

 Spells                   Type           Power        Failure   Level  Hunger
 Force Lance              Conj/Tloc      ######..     2%          4    #......
 Magic Dart               Conj           ####         1%          1    None
 Passwall                 Tmut/Erth      #####...     1%          2    None
 Conjure Flame            Conj/Fire      ######..     1%          3    None
 Mephitic Cloud           Conj/Pois/Air  #####...     1%          3    None
 Blink                    Tloc           N/A          14%         2    None
 Call Imp                 Summ           ##......     14%         2    None
 Slow                     Hex            ##......     14%         2    None


Dungeon Overview and Level Annotations

Branches:
Dungeon (10/15)            Temple (1/1) D:6            Lair (5/6) D:8
  Swamp (0/4) Lair:2        Snake (0/4) Lair:3
  Slime: Lair:5-6       Orc: D:9-12

Altars:
Ashenzari
Cheibriados
Dithmenos
Elyvilon
Fedhas
Gozag
Hepliaklqana
Kikubaaqudgha
Makhleb
Nemelex Xobeh
Okawaru
Qazlal
Ru
Sif Muna
Trog
Uskayaw
Vehumet
Wu Jian
Xom
Yredelemnul
Zin
The Shining One
Beogh

Shops:
D:9 *

Annotations:
D:4 1 runed door, suvakkihuora's ghost, amateur DDWn
D:6 3 runed doors, Rollo's ghost, novice CeAE
D:8 2 runed doors, azzavlup's ghost, novice DsAK


Innate Abilities, Weirdness & Mutations

You have hoof-like feet.
You are mostly covered in molten scales. (AC +3)
When hurt, damage is shared between your health and your magic reserves.
You regenerate magic rapidly.
You have a pair of horns on your head.


Message History

The sun demon hits you!!
* * * LOW MAGIC WARNING * * *;
* * * LOW HITPOINT WARNING * * *
You are engulfed in flames.
You resist.
* * * LOW MAGIC WARNING * * *;
* * * LOW HITPOINT WARNING * * *
The red devil completely misses you.
Casting: Stone Arrow (safe; 1% risk of failure)
Confirm with . or Enter, or press ? or * to list all spells.
You don't have enough magic to cast that spell.
Casting: Stone Arrow (safe; 1% risk of failure)
Confirm with . or Enter, or press ? or * to list all spells.
You don't have enough magic to cast that spell.
Okay, then.
You feel much better. The sun demon closely misses you.
As you read the scroll of teleportation, it crumbles to dust.
You feel strangely unstable. The sun demon hits you!!
* * * LOW MAGIC WARNING * * *;
* * * LOW HITPOINT WARNING * * *
You are engulfed in flames.
You resist.
* * * LOW HITPOINT WARNING * * *
The red devil hits you from afar with a +0 trident of flaming!
You die...

▒▒▒▒▒ ▒ ▒▒▒▒▒ ▒▒▒▒···§
▒▒▒· ▒···▒▒ ▒▒▒▒····§≈≈
▒·8··▒···†▒▒▒8·····≈§≈≈
▒·_·43@∩··╬·······§≈§≈≈
▒·8·)▒····▒▒▒8····§≈≈≈§
▒▒▒· ▒···▒▒ ▒▒▒··§≈§§§§
▒ ▒▒▒▒▒ ▒··≈≈§§≈≈
··≈§≈§≈≈≈ ··≈≈≈≈≈§≈≈
·≈≈≈≈≈§≈≈§ ·≈≈§§≈≈≈≈§


You could see a sun demon and a red devil.

Vanquished Creatures
  A hydra (Lair:4)
  A two-headed ogre (D:10)
  Pikel (D:3)
  An oklob plant (Lair:2)
  An ugly thing (Volcano)
  Psyche (D:8)
  11 spiny frogs
  2 rime drakes
  12 komodo dragons
  A tyrant leech (Lair:2)
  A red devil (Volcano)
  A troll (D:9)
  2 polar bears
  A hornet (D:10)
  3 blink frogs (Lair:3)
  4 hippogriffs
  Sigmund (D:2)
  12 yaks
  A spriggan (Lair:3)
  A wyvern (Lair:2)
  6 fire bats (Volcano)
  A basilisk (Lair:2)
  An acid dragon (D:9)
  5 nagas (Lair:3)
  2 swamp worms (Lair:2)
  2 soldier ants (D:10)
  11 water moccasins
  8 porcupines
  5 orc warriors
  2 ice beasts
  2 phantoms
  A slave (D:4)
  A black bear (Lair:4)
  An eye of draining (D:9)
  18 wolves
  3 centaurs
  7 crocodiles
  3 ogres
  10 bullfrogs
  A big kobold (D:8)
  3 scorpions
  11 killer bees
  5 wights (D:10)
  3 crimson imps
  4 howler monkeys
  A bullfrog zombie (D:9)
  5 lava snakes (Volcano)
  2 centaur zombies
  6 jellies
  A gnoll shaman (D:8)
  2 centaur skeletons
  7 orc priests
  2 hounds
  7 iguanas
  An orc wizard (D:4)
  12 worker ants
  A hound zombie (D:7)
  A hound skeleton (D:5)
  2 worker ant zombies
  Robin (D:2)
  5 gnolls (D:8)
  11 adders
  5 shadow imps
  2 adder zombies
  An adder skeleton (D:5)
  3 worms
  A dart slug (D:3)
  4 leopard geckos
  46 orcs
  5 giant cockroaches
  10 hobgoblins
  2 jackals (D:5)
  3 quokkas
  3 ball pythons
  A ball python skeleton (D:4)
  7 bats
  2 frilled lizards (D:1)
  16 goblins
  14 kobolds
  A leopard gecko zombie (D:5)
  A quokka zombie (D:8)
  4 rats
  A spectral orc (D:4)
  A fungus (Lair:2)
375 creatures vanquished.

Vanquished Creatures (others)
  A slave (D:4)
  An orc (D:4)
  8 fungi
  9 plants
19 creatures vanquished.

Grand Total: 394 creatures vanquished

Notes
Turn   | Place    | Note
-------+----------+-------------------------------------------
     0 | D:1      | Azzok the Demonspawn Earth Elementalist began the quest for
                  | the Orb.
     0 | D:1      | Reached XP level 1. HP: 13/13 MP: 3/3
   410 | D:1      | Gained mutation: When hurt, damage is shared between your
                  | health and your magic reserves. [demonic ancestry]
   410 | D:1      | Reached XP level 2. HP: 19/19 MP: 3/5
   972 | D:2      | Noticed Sigmund
  1101 | D:2      | Gained mutation: You have a pair of small horns on your
                  | head. [potion of mutation]
  1101 | D:2      | Gained mutation: You have a pair of horns on your head.
                  | [potion of mutation]
  3227 | D:3      | Gained mutation: You are partially covered in molten
                  | scales. (AC +2) [demonic ancestry]
  3227 | D:3      | Reached XP level 3. HP: 24/24 MP: 5/7
  3230 | D:3      | Gained mutation: You have large cloven feet. [demonic
                  | ancestry]
  3230 | D:3      | Reached XP level 4. HP: 30/30 MP: 2/8
  3484 | D:3      | Learned a level 3 spell: Stone Arrow
  3646 | D:3      | Found a sparkling altar of Nemelex Xobeh.
  3930 | D:3      | Found an ornate altar of the Wu Jian Council.
  4153 | D:3      | Reached skill level 1 in Conjurations
  4714 | D:2      | Gained mutation: You are mostly covered in molten scales.
                  | (AC +3) [demonic ancestry]
  4714 | D:2      | Reached XP level 5. HP: 35/35 MP: 3/10
  4797 | D:2      | Noticed Robin
  4865 | D:2      | Killed Robin
  5143 | D:2      | Killed Sigmund
  5143 | D:2      | Gained mutation: You regenerate magic rapidly. [demonic
                  | ancestry]
  5143 | D:2      | Reached XP level 6. HP: 35/41 MP: 0/12
  5751 | D:4      | Found a basalt altar of Yredelemnul.
  5779 | D:4      | Noticed a slave
  5780 | D:4      | Noticed a slave
  5782 | D:4      | Noticed Pikel
  5794 | D:4      | Noticed a slave
  5797 | D:4      | Killed a slave
  5797 | D:4      | Noticed a slave
  5916 | D:3      | Killed Pikel
  5916 | D:3      | Reached skill level 5 in Spellcasting
  5916 | D:3      | Reached skill level 5 in Earth Magic
  5916 | D:3      | Reached XP level 7. HP: 8/46 MP: 0/14
  6261 | D:4      | Found a runed door.
  6261 | D:4      | Noticed suvakkihuora's ghost (amateur DDWn)
  6827 | D:5      | Entered Level 5 of the Dungeon
  6829 | D:5      | Reached XP level 8. HP: 52/52 MP: 9/16
  7019 | D:5      | Reached skill level 5 in Conjurations
  7202 | D:5      | Learned a level 4 spell: Petrify
  7208 | D:5      | Learned a level 5 spell: Lee's Rapid Deconstruction
  7234 | D:5      | Found a shattered altar of Ashenzari.
  7941 | D:6      | Found a shimmering altar of Xom.
  8096 | D:6      | Found a staircase to the Ecumenical Temple.
  8380 | Temple   | Entered the Ecumenical Temple
  8493 | Temple   | Became a worshipper of Vehumet
  8543 | D:6      | Reached XP level 9. HP: 57/57 MP: 15/19
  8593 | D:6      | Found a runed gate.
  8593 | D:6      | Found a runed gate.
  8593 | D:6      | Found a runed gate.
  8614 | D:6      | Noticed Rollo's ghost (novice CeAE)
  8902 | D:6      | Found an opulent altar of Gozag.
  9237 | D:6      | Found a sacrificial altar of Ru.
  9249 | D:6      | Found a snail-covered altar of Cheibriados.
  9252 | D:6      | Found a hazy altar of Hepliaklqana.
  9255 | D:6      | Found a glowing golden altar of the Shining One.
  9778 | D:7      | Found an iron altar of Okawaru.
  9804 | D:7      | Reached * piety under Vehumet
  9804 | D:7      | Offered knowledge of Shock by Vehumet.
  9917 | D:7      | Found a stormy altar of Qazlal.
 10689 | D:8      | Noticed Psyche
 10703 | D:8      | Killed Psyche
 10810 | D:8      | Found a staircase to the Lair.
 10816 | D:8      | Reached XP level 10. HP: 63/63 MP: 12/22
 10975 | D:8      | Found a large runed door.
 10976 | D:8      | Found a large runed door.
 11009 | D:8      | Noticed azzavlup's ghost (novice DsAK)
 11362 | D:9      | Reached ** piety under Vehumet
 11362 | D:9      | Offered knowledge of Throw Flame by Vehumet.
 11884 | D:9      | Found Pibis's General Store.
 12017 | D:9      | Noticed a two-headed ogre
 12067 | D:9      | Found a shadowy altar of Dithmenos.
 12138 | D:9      | Reached skill level 1 in Shields
 12311 | D:10     | Entered Level 10 of the Dungeon
 12377 | D:10     | Found the +8 demon blade "Leech" {vamp, rN+ AC-3 EV-3}
 12505 | D:10     | Offered knowledge of Throw Frost by Vehumet.
 12720 | D:10     | Found a roughly hewn altar of Beogh.
 12726 | D:10     | Reached *** piety under Vehumet
 12731 | D:10     | Offered knowledge of Conjure Flame by Vehumet.
 12878 | D:10     | Noticed a two-headed ogre
 12885 | D:10     | Killed a two-headed ogre
 12941 | D:10     | Reached XP level 11. HP: 63/68 MP: 16/24
 12942 | D:10     | Paralysed by a hornet for 3 turns
 13199 | Lair:1   | Entered Level 1 of the Lair of Beasts
 13423 | Lair:1   | Reached **** piety under Vehumet
 13688 | Lair:1   | Got a faintly humming hat
 13689 | Lair:1   | Identified the +0 hat of Lugonu's Castigation {rF+ MR+
                  | Str-3} (You found it on level 1 of the Lair of Beasts)
 14156 | Lair:2   | Offered knowledge of Irradiate by Vehumet.
 14161 | Lair:2   | Reached skill level 10 in Conjurations
 14161 | Lair:2   | Reached skill level 10 in Earth Magic
 14296 | Lair:2   | Reached skill level 10 in Spellcasting
 14339 | Lair:2   | Noticed an oklob plant
 14427 | Lair:2   | Killed an oklob plant
 14750 | Lair:2   | Found the +8 longbow "Zephyr" {speed, Dex+3 SInv}
 15053 | Lair:2   | Found a staircase to the Swamp.
 15556 | Lair:3   | Gained mutation: You have hoof-like feet. [demonic
                  | ancestry]
 15556 | Lair:3   | Reached XP level 12. HP: 74/74 MP: 17/26
 15861 | Lair:3   | Found a staircase to the Snake Pit.
 16530 | Lair:4   | Reached ***** piety under Vehumet
 16670 | Lair:4   | Offered knowledge of Force Lance by Vehumet.
 16879 | Lair:4   | Noticed a four-headed hydra
 16888 | Lair:4   | Killed a four-headed hydra
 17332 | Lair:5   | Reached skill level 1 in Evocations
 17409 | Lair:5   | Found a dark tunnel.
 17416 | Volcano  | Entered a volcano
 17547 | Volcano  | Found a burning altar of Makhleb.
 17555 | Volcano  | Slain by a red devil

Vault maps used:
D:1:      giann_horns, minmay_misc_feat_five, hangedman_feature_mirror
D:2:      uniq_robin, uniq_sigmund
D:3:      nicolae_overflow_crystal_walls, lemuel_crystal_altar
D:4:      yredelemnul_forgotten_temple_becter, hellmonk_ghost_happy_afterlife,
          first_ration, uniq_pikel
D:5:      evilmike_ruin_ashenzari, hangedman_decor_peaks_small
D:6:      lemuel_round_altar, grunt_temple_overflow_cloverleaf,
          lemuel_crystal_altar, temple_green, gammafunk_ghost_necromancy
D:7:      lemuel_coloured_pillars_altar, grunt_qazlal_clouds
D:8:      grunt_lair_entry_orc_guard_hut, ebering_ghost_disaster_area,
          enter_bailey_3, uniq_psyche
D:9:      grunt_dithmenos_shadows, serial_shops, kennysheep_little_box
D:10:     hangedman_pestilent_swarm, minmay_fountain_box
Temple:   kb_temple_of_zot
Lair:2:   beast_lair_carwin_large_3, minmay_swamp_entry_worms,
          minmay_lair_oklob_items, lemuel_fruit_fields
Lair:3:   minmay_snake_entry_guardpost_large, serial_bayou_shore_b
Lair:4:   grunt_forest_stairs_clearing
Lair:5:   minmay_guarded_unrand_snakebite, enter_volcano_2
Volcano:  volcano_grotto

Skill      XL: |  1  2  3  4  5  6  7  8  9 10 11 12 |
---------------+-------------------------------------+-----
Earth Magic    | 3 4 5 7 8 9 10 11 | 11.6
Spellcasting   | 3 4 5 6 8 9 10 11 | 11.5
Conjurations   | 1 2 4 6 7 9 10 11 | 11.9
Shields        | 3 4 |  4.0
Evocations     | 2 |  2.2
Dodging        | |  1.7
Stealth        | |  1.7
Transmutations | |  0.8

Action                   |  1- 3 |  4- 6 |  7- 9 | 10-12 || total
-------------------------+-------+-------+-------+-------++-------
Melee: Unarmed           |     4 |       |       |       ||     4
       Short sword       |       |    40 |       |       ||    40
       Kick              |       |     4 |       |     9 ||    13
       Staff             |       |     1 |       |    22 ||    23
       Headbutt          |       |       |       |     4 ||     4
 Cast: Sandblast         |    59 |    42 |    29 |    81 ||   211
       Stone Arrow       |       |    50 |   134 |   354 ||   538
       Lee's Rapid Decon |       |       |     2 |    23 ||    25
       Petrify           |       |       |       |     3 ||     3
  Use: Potion            |     4 |     2 |       |     3 ||     9
       Scroll            |       |       |       |    22 ||    22
  Eat: Ration            |     2 |       |     1 |     1 ||     4
       Chunk             |     1 |    12 |    16 |    22 ||    51
Armor: Robe              |     3 |    13 |    14 |     5 ||    35
       Troll leather arm |       |       |       |    32 ||    32
Dodge: Dodged            |    28 |    64 |    28 |   114 ||   234
Block: Buckler           |       |       |       |    25 ||    25

Table legend:
 A = Non-vault XP
 B = Vault XP
 C = Vault XP percentage of total XP
 D = Non-vault monster count
 E = Vault monster count
 F = Vault count percentage of total count
                 A         B        C        D         E       F
            +---------+---------+-------+---------+---------+-------
      Total |   26251 |    9759 |  27.1 |     275 |      98 |  26.3
            +---------+---------+-------+---------+---------+-------
        D:1 |      17 |       5 |  22.7 |      12 |       4 |  25.0
        D:2 |      34 |     256 |  88.3 |      12 |      12 |  50.0
        D:3 |     159 |     586 |  78.7 |      23 |       1 |   4.2
        D:4 |     345 |       1 |   0.3 |      17 |       1 |   5.6
        D:5 |     850 |       0 |   0.0 |      26 |       0 |   0.0
        D:6 |    1136 |       0 |   0.0 |      20 |       0 |   0.0
        D:7 |     597 |       0 |   0.0 |      18 |       0 |   0.0
        D:8 |     831 |    1260 |  60.3 |      20 |      11 |  35.5
        D:9 |    1907 |      12 |   0.6 |      29 |       1 |   3.3
       D:10 |    2708 |     723 |  21.1 |      20 |      31 |  60.8
     Lair:1 |    2118 |       0 |   0.0 |      11 |       0 |   0.0
     Lair:2 |    4070 |    2838 |  41.1 |      18 |      13 |  41.9
     Lair:3 |    4800 |    1019 |  17.5 |      18 |       6 |  25.0
     Lair:4 |    5022 |     803 |  13.8 |      22 |       5 |  18.5
     Lair:5 |    1657 |       0 |   0.0 |       9 |       0 |   0.0
    Volcano |       0 |    2256 | 100.0 |       0 |      13 | 100.0
            +---------+---------+-------+---------+---------+-------
